 Dungeon Crawl Stone Soup version 0.20-a0-187-ge5586d949a (webtiles) character file.

115 feito the Skirmisher (level 4, -5/36 HPs)
             Began as a Demonspawn Gladiator on Nov 23, 2016.
             Slain by murphy's ghost (10 damage)
             ... on level 3 of the Dungeon.
             The game lasted 00:13:13 (1880 turns).

feito the Skirmisher (Demonspawn Gladiator)         Turns: 1880, Time: 00:13:14

Health: -5/36      AC:  6    Str: 14    XL:     4   Next: 68%
Magic:  0/4        EV: 11    Int:  9    God:
Gold:   116        SH:  0    Dex: 14    Spells: 3/3 levels left

rFire  . . .     SeeInvis .     g - +3 short sword (vamp)
rCold  . . .     Gourm    .     s - +0 scale mail
rNeg   . . .     Faith    .     (no shield)
rPois  .         Spirit   +     (helmet restricted)
rElec  .         Reflect  .     (no cloak)
rCorr  .         Harm     .     (no gloves)
MR     .....                    (no boots)
Stlth  ..........               f - amulet of guardian spirit
                                (no ring)
                                m - -2 ring of strength (curse)

@: no status effects
A: antennae 1, magic shield, sturdy frame 1
a: no special abilities


You were on level 3 of the Dungeon.
You were not hungry.

You visited 1 branch of the dungeon, and saw 3 of its levels.

You collected 116 gold pieces.

Inventory:

Hand Weapons
 a - a +0 long sword
 g - a +3 vampiric short sword (weapon)
 v - a +0 blowgun
Missiles
 d - 2 throwing nets (quivered)
 q - 24 poisoned needles
Armour
 c - a +0 helmet
 s - a +0 scale mail (worn)
Jewellery
 f - an amulet of guardian spirit (around neck)
 m - a cursed -2 ring of strength (left hand)
Scrolls
 j - a scroll of random uselessness
 l - 3 scrolls of identify
 p - a scroll of immolation
Potions
 b - a potion of brilliance {unknown}
 e - a potion of ambrosia {unknown}
 h - 2 potions of curing {unknown}
 i - a potion of lignification {unknown}
 n - a potion of heal wounds {unknown}
 r - 2 potions of degeneration {unknown}
 t - 2 potions of berserk rage {unknown}
Comestibles
 k - 4 bread rations
 o - 5 chunks of flesh
 u - a meat ration


   Skills:
 * Level 3.6 Fighting
 + Level 2.7 Long Blades
 + Level 2.4 Throwing
 + Level 1.0 Armour
 + Level 3.3 Dodging


You had 3 spell levels left.
You didn't know any spells.

Dungeon Overview and Level Annotations

Branches:
Dungeon (3/15)

Altars:

Annotations:
D:3 murphy's ghost, weakling MiBe


Innate Abilities, Weirdness & Mutations

You have a pair of small antennae on your head.
When hurt, damage is shared between your health and your magic reserves.
Your movements are slightly less encumbered by armour. (ER -2)


Message History

Murphy's ghost is moderately damaged.
Murphy's ghost hits you.
You hit murphy's ghost.
Murphy's ghost is heavily damaged.
Murphy's ghost hits you.
You barely miss murphy's ghost.
Murphy's ghost is heavily damaged.
Murphy's ghost barely misses you.
You closely miss murphy's ghost.
Murphy's ghost is heavily damaged.
Murphy's ghost barely misses you.
You hit murphy's ghost but do no damage.
Murphy's ghost is heavily damaged.
Murphy's ghost hits you!
You hit murphy's ghost.
Murphy's ghost is heavily damaged.
Murphy's ghost hits you!
* * * LOW HITPOINT WARNING * * *
Murphy's ghost hits you!
You die...

#.# ......#. ... #.# #..##.#W...#
#.########...#.#.....
#.#............#.. ##
##..).......).!.#(..
#...................
#.....)...)......... #
#......).........%...# #
##....@W..........###.. #.
###..........######## #..
#.####...#....#######...######
#.#....####..##...###...###...
####...#### ####....###...###...
#....>..# ##..#..##.....##..#
#.......# #..##..#...#...#..#
#.......#######..###....###....##
#.............#..###....###....##


You could see murphy's ghost.

Vanquished Creatures
  5 adders
  An ooze (D:3)
  3 dart slugs
  An orc (D:3)
  5 bats
  3 giant cockroaches
  6 goblins
  6 hobgoblins
  7 jackals
  2 quokkas
  2 ball pythons (D:1)
  2 frilled lizards
  8 kobolds
  8 rats
59 creatures vanquished.

Notes
Turn   | Place    | Note
-------+----------+-------------------------------------------
     0 | D:1      | feito the Demonspawn Gladiator began the quest for the Orb.
     0 | D:1      | Reached XP level 1. HP: 16/16 MP: 1/1
   226 | D:1      | Gained mutation: You have a pair of small antennae on your head. [demonic ancestry]
   226 | D:1      | Reached XP level 2. HP: 23/23 MP: 2/2
   603 | D:2      | Found a faded altar of an unknown god.
   675 | D:2      | Gained mutation: When hurt, damage is shared between your health and your magic reserves. [demonic ancestry]
   675 | D:2      | Reached XP level 3. HP: 18/28 MP: 3/3
  1088 | D:2      | Gained mutation: Your movements are slightly less encumbered by armour. (ER -2) [demonic ancestry]
  1088 | D:2      | Reached XP level 4. HP: 25/35 MP: 4/4
  1366 | D:3      | Noticed murphy's ghost (weakling MiBe)
  1734 | D:3      | Reached skill level 1 in Armour
  1880 | D:3      | Slain by murphy's ghost

Vault maps used:
D:1:      scummos_arrival_forest
D:2:      first_bread, chequers_ecumenical_altar_simple
D:3:      hangedman_glass_teeth, uniq_natasha

Skill      XL: |  1  2  3  4 |
---------------+-------------+-----
Throwing       | 2 |  2.4
Dodging        | 3 |  3.3
Fighting       | 3 |  3.6
Armour         | 1 |  1.0
Long Blades    | |  2.7

Action                   |  1- 3 |  4- 6 || total
-------------------------+-------+-------++-------
Melee: Short sword       |   117 |    76 ||   193
       Long sword        |     3 |       ||     3
Throw: Throwing net      |     1 |       ||     1
  Use: Scroll            |       |     4 ||     4
 Stab: Sleeping          |     1 |       ||     1
  Eat: Bread ration      |     1 |       ||     1
       Chunk             |     1 |     2 ||     3
Armor: Leather armour    |    24 |     4 ||    28
       Scale mail        |       |    25 ||    25
Dodge: Dodged            |    60 |    49 ||   109
       Rpst.: Long sword |     1 |       ||     1
